 Dungeon Crawl Stone Soup version 0.17.0-28-g6e173f8 (webtiles) character file.

64 M4edhros the Sneak (level 4, 0/29 HPs)
             Began as an Octopode Wanderer on Nov 25, 2015.
             Slain by Sigmund
             ... wielding a +0 scythe
              (8 damage)
             ... on level 2 of the Dungeon on Nov 26, 2015.
             The game lasted 00:02:04 (1322 turns).

M4edhros the Sneak (Octopode Wanderer)              Turns: 1322, Time: 00:02:05

Health: 0/29       AC:  1    Str: 11    XL:     4   Next: 12%
Magic:  5/5        EV: 11    Int: 13    God:
Gold:   87         SH:  0    Dex: 13    Spells: 0 memorised, 5 levels left

rFire  . . .     SeeInvis .     (no weapon)
rCold  . . .     Clarity  .     (no shield)
rNeg   . . .     SustAt   .     (helmet restricted)
rPois  +         Gourm    .     (no amulet)
rElec  .         Spirit   .     k - ring of poison resistance
rCorr  .         Warding  .     (no ring)
rMut   .         Stasis   .     (no ring)
MR     .....                    (no ring)
Stlth  ++++......               (no ring)
                                (no ring)
                                (no ring)
                                (no ring)

@: very slightly contaminated, hasted, very quick, not resistant to hostile
enchantments, stealthy
A: almost no armour, amphibious, 8 rings, constrict 8, camouflage 1, gelatinous
body 1
a: no special abilities


You were on level 2 of the Dungeon.
You were not hungry.

You visited 1 branch of the dungeon, and saw 2 of its levels.

You collected 87 gold pieces.

Inventory:

Hand Weapons
 a - a +2 shortbow
Missiles
 b - 5 arrows
Jewellery
 k - a ring of poison resistance (left tentacle)
Scrolls
 c - 2 scrolls of teleportation
 f - 3 scrolls of amnesia
 i - a scroll of fear {unknown}
 j - a scroll of recharging
Potions
 h - a potion of haste
Comestibles
 d - a bread ration
 g - 2 meat rations
 l - a chunk of flesh


   Skills:
 - Level 2.0 Fighting
 - Level 3.0 Bows
 - Level 1.0 Throwing
 + Level 5.5 Stealth
 - Level 1.0 Spellcasting
   Level 1.0 Hexes
   Level 1.0 Translocations


You had 5 spell levels left.
You didn't know any spells.

Dungeon Overview and Level Annotations

Branches:
Dungeon (2/15)

Altars:

Annotations:
D:2 Sigmund


Innate Abilities, Weirdness & Mutations

You cannot wear most types of armour.
You are amphibious.
You can wear up to eight rings at the same time.
You can use your tentacles to constrict eight enemies at once.
Your skin changes colour to match your surroundings (Stealth).
Your rubbery body absorbs attacks (AC +1).


Message History

Something hits you!
Ouch! That really hurt!
You feel less invigorated.
You feel less confused. Something hits you.
Drink which item? (? for menu, Esc to quit)
Okay, then.
Eat which item? (? for menu, Esc to quit)
Okay, then.
Wield which item (- for none, * to show all)? (? for menu, Esc to quit)
Okay, then.
Unknown command.
You are now empty-tentacled.
You barely miss something.
You tentacle-slap something but do no damage.
Something hits you.
* * * LOW HITPOINT WARNING * * *
You tentacle-slap something but do no damage.
You miss something. Something hits you!
You die...

#...# #. .(....
#<#.# ####. ($...
#.#.# #.... ....
#.#.###.##. (..
#.#÷.....#. ##..
#.#.†##..#. ...
#.#).#.....
#.#######.#..#...##
#.@.......#......#
#.########...#..##
#. ##.......### ##
#........##.
#...........
#.......###.
##......###(
##.........
#...........


There were no monsters in sight!

Vanquished Creatures
  An ooze (D:2)
  A worm (D:2)
  3 giant geckos
  7 bats
  5 goblins
  10 hobgoblins
  9 jackals
  6 kobolds
  7 rats
49 creatures vanquished.

Notes
Turn   | Place    | Note
--------------------------------------------------------------
     0 | D:1      | M4edhros the Octopode Wanderer began the quest for the Orb.
     0 | D:1      | M4edhros set off with: a +2 shortbow, 24 arrows, 2 scrolls of teleportation, a bread ration
     0 | D:1      | Reached XP level 1. HP: 14/14 MP: 2/2
   102 | D:1      | Reached XP level 2. HP: 16/19 MP: 3/3
   324 | D:1      | Reached skill level 4 in Stealth
   351 | D:1      | Reached XP level 3. HP: 24/24 MP: 4/4
   972 | D:2      | Reached skill level 5 in Stealth
  1169 | D:2      | Reached XP level 4. HP: 18/29 MP: 5/5
  1307 | D:2      | Noticed Sigmund
  1322 | D:2      | Slain by Sigmund

Action                   |  1- 3 |  4- 6 || total
-------------------------+-------+-------++-------
Melee: Dagger            |    31 |       ||    31
       Shortbow          |     7 |       ||     7
       Unarmed           |       |     4 ||     4
 Fire: Shortbow          |   108 |    13 ||   121
  Use: Scroll            |     8 |       ||     8
       Potion            |       |     2 ||     2
 Stab: Sleeping          |     4 |       ||     4
  Eat: Chunk             |       |     1 ||     1
